Map: Catalyst LE

Players

Tesla (Rob) - Winner!

  • Race: Protoss Protoss
  • Spawn Location: 11:00

Nistic

  • Race: Zerg Zerg
  • Spawn Location: 5:00

Event: WCS Austin 2018

VOD

Have the link to the VOD?

Description

Time

  • Played on: June 1, 2018, 3:32 p.m.
  • Length: 7:57

All games in this series

Show
View Real Time Build Order
Export as new Build Order

Tesla Protoss - Winner!

Build Orders: 1 Gate Expand, Oracle Opening 

Get SALT Encoding   

  12  0:00  Probe  
  13  0:12  Probe  
  14  0:20  Pylon  
  14  0:25  Probe  
  15  0:35  Probe  
  15  0:41  Gateway  
  16  0:43  Probe  
  16  0:48  Assimilator  
  17  0:52  Probe  
  18  1:04  Probe  
  19  1:23  Nexus  
  19  1:32  Probe  
  19  1:33  Cybernetics Core  
  20  1:41  Probe  
  20  1:43  Assimilator  
  21  1:51  Probe  
  22  1:55  Pylon  
  22  2:03  Probe  
  23  2:10  Warp Gate  
  23  2:12  Probe  
  23  2:13  Adept  
  25  2:20  Probe  
  27  2:30  Probe  
  27  2:31  Probe  
  28  2:39  Probe  
  28  2:40  Stargate  
  28  2:42  Adept, Probe  
  32  2:49  Probe  
  33  2:54  Probe  
  34  3:01  Probe  
  35  3:07  Probe  
  35  3:12  Adept  
  38  3:13  Probe  
  38  3:16  Oracle  
  38  3:19  Probe  
  40  3:25  Probe  
  44  3:31  Probe  
  45  3:35  Twilight Council  
  45  3:36  Pylon  
  45  3:37  Probe  
  46  3:46  Gateway  
  46  3:47  Gateway  
  46  3:50  Resonating Glaives  
  46  3:54  Assimilator, Probe x2  
  48  3:56  Assimilator  
  48  3:58  Pylon  
  48  4:00  Phoenix  
  50  4:06  Probe x2  
  48  4:18  Probe  
  48  4:19  Probe  
  50  4:30  Adept, Probe  
  50  4:31  Probe  
  54  4:34  Pylon  
  54  4:36  Robotics Facility  
  54  4:42  Adept x2  
  54  4:45  Pylon  
  58  4:51  Adept  
  60  5:04  Adept x2  
  64  5:08  Nexus  
  64  5:10  Pylon  
  64  5:14  Probe x2  
  64  5:19  Sentry  
  64  5:20  Forge  
  68  5:25  Sentry x2  
  68  5:26  Immortal  
  68  5:28  Probe x2  
  78  5:32  Protoss Ground Weapons Level 1  
  78  5:40  Probe x2  
  78  5:41  Gateway  
  80  5:43  Gateway  
  80  5:52  Probe x2  
  82  6:03  Immortal  
  82  6:05  Probe x2  
  84  6:14  Sentry x2  
  86  6:20  Gateway, Probe x3  
  86  6:21  Gateway  
  89  6:26  Pylon  
  89  6:32  Probe x2  
  91  6:36  Adept x2  
  91  6:39  Adept x3  
  101  6:44  Probe x2  
  101  6:46  Immortal  
  103  6:50  Shield Battery  
  103  6:52  Pylon  
  103  6:55  Shield Battery  
  103  6:59  Adept  
  109  7:03  Pylon  
  109  7:04  Pylon  
  109  7:12  Adept x3  
  109  7:13  Adept  
  117  7:18  Pylon x2  
  117  7:21  Templar Archives, Adept  
  117  7:22  Observer  
  119  7:25  Assimilator  
  119  7:26  Sentry x2  
  124  7:30  Assimilator  
  124  7:36  Sentry x2  
  128  7:37  Adept x2  
  130  7:47  Adept  
  128  7:52  Adept x2  
Show
View Real Time Build Order
Export as new Build Order

Nistic Zerg 

Build Orders: Hatch First 

Get SALT Encoding   

  12  0:01  Drone  
  13  0:08  Drone  
  14  0:16  Overlord  
  14  0:22  Extractor  
  14  0:23  Drone  
  15  0:35  Drone x2  
  17  0:52  Hatchery  
  17  0:56  Drone  
  17  1:11  Spawning Pool  
  16  1:14  Drone  
  16  1:16  Drone  
  18  1:20  Extractor  
  18  1:23  Drone  
  18  1:31  Drone  
  19  1:38  Drone  
  20  1:50  Drone  
  21  2:01  Queen, Extractor  
  21  2:05  Queen  
  21  2:07  Zergling x4  
  27  2:12  Overlord  
  27  2:15  Drone  
  28  2:22  Metabolic Boost  
  28  2:28  Overlord  
  28  2:32  Drone x2  
  28  2:36  Drone  
  31  2:38  Queen  
  33  2:45  Drone  
  33  2:47  Drone  
  35  2:53  Drone  
  36  3:05  Extractor  
  35  3:08  Zergling x4  
  35  3:11  Lair, Zergling x4  
  35  3:12  Zergling x2  
  40  3:15  Spore Crawler  
  40  3:19  Drone  
  39  3:20  Drone x2  
  39  3:21  Drone  
  39  3:23  Drone  
  42  3:30  Drone  
  42  3:32  Overlord  
  43  3:47  Hatchery  
  43  3:48  Drone  
  43  3:53  Spore Crawler  
  43  3:54  Drone x3  
  44  4:10  Overlord  
  41  4:19  Drone x2  
  41  4:20  Drone x6  
  41  4:23  Drone x2  
  51  4:25  Hydralisk Den  
  51  4:26  Extractor  
  51  4:30  Drone, Extractor  
  51  4:31  Drone  
  50  4:34  Drone  
  50  4:38  Overlord  
  51  4:50  Drone  
  51  4:52  Overlord, Extractor  
  51  4:56  Overlord x2  
  51  4:58  Drone  
  52  5:03  Drone  
  52  5:04  Drone  
  53  5:12  Drone  
  53  5:14  Hydralisk x3  
  54  5:15  Muscular Augments  
  54  5:17  Hydralisk x2  
  64  5:28  Hydralisk  
  68  5:30  Hydralisk  
  73  5:40  Overlord  
  73  5:41  Overlord  
  73  5:44  Hydralisk  
  73  5:45  Hydralisk  
  73  5:49  Spine Crawler, Hydralisk  
  73  5:56  Overlord x2  
  73  6:00  Hydralisk x2  
  73  6:01  Hydralisk  
  73  6:02  Evolution Chamber  
  78  6:16  Hydralisk x2  
  78  6:17  Hydralisk x2  
  84  6:24  Zergling x6  
  84  6:25  Zergling x2  
  88  6:27  Grooved Spines  
  88  6:34  Zergling x6  
  88  6:35  Zergling x2  
  88  6:38  Zergling x4  
  94  6:42  Zergling x2  
  95  6:47  Hydralisk x2  
  99  7:00  Overlord  
  99  7:02  Overlord  
  99  7:09  Overseer  
  99  7:10  Overlord  
  99  7:14  Zergling x2  
  100  7:17  Baneling Nest  
  100  7:18  Drone, Hydralisk  
  100  7:19  Hydralisk x3  
  100  7:22  Hydralisk  
  110  7:27  Hydralisk  
  110  7:29  Hydralisk  
  112  7:32  Hydralisk  
Tags
 
Add a new tag
Caveats
  • Supply blocks, unpowered buildings, or Contaminate may cause inaccurate times.
  • Supply counts are checked every 10 seconds.